AoeStats
← Blad_esfz

Arena

507869176Analyzed
2v2 RM · 13d ago on Sep 20, 2026· 54m 21s· 4 players
Game mode
Random Map
Map size
Medium (4 player)
Population
200
Speed
Normal
Resources
Standard
Victory
Conquest
Starting age
Dark Age
Ending age
Imperial Age
RankedLock teamsTeams togetherTeam positionsShared explorationLock speedFull tech treeHidden civsTurbo modeCheats
Victory
Defeat
🇨🇱 Mapuche · Chile
1110
+13
🇨🇱 Hindustanis · Chile
1001
+17
🇺🇸 Lithuanians · United States
1118
-18
🇺🇸 Turks · United States
952
-12
GestaLekgolo
11:09 Feudal Age
15:41 Castle Age
14:10 Double-Bit Axe
16:34 Wheelbarrow
16:13 Horse Collar
20:35 Hand Cart
23:06 Loom
23:52 Heavy Plow
25:31 Scale Barding Armor
25:36 Forging
26:55 Chain Barding Armor
28:05 Bloodlines
29:48 Iron Casting
30:44 Gold Mining
30:47 Stone Mining
36:17 Fletching
41:46 Imperial Age
42:10 Bow Saw
41:57 Elite Leitis
43:18 Plate Barding Armor
43:34 Conscription
45:24 Husbandry
47:18 Elite Skirmisher
48:43 Thumb Ring
51:23 Scale Mail Armor
51:25 Padded Archer Armor
51:22 Bodkin Arrow
CMONEY
9:33 Loom
11:48 Feudal Age
13:44 Double-Bit Axe
16:29 Castle Age
14:18 Horse Collar
14:41 Gold Mining
21:42 Imperial Age
20:06 Padded Archer Armor
20:43 Bow Saw
21:21 Fletching
22:12 Bodkin Arrow
24:35 Bodkin Arrow
33:42 Leather Archer Armor
38:55 Bracer
42:28 Thumb Ring
45:24 Wheelbarrow
46:06 Two-Man Saw
47:26 Scale Barding Armor
49:11 Ring Archer Armor
zexochi
13:41 Feudal Age
15:26 Double-Bit Axe
15:34 Stone Mining
15:27 Horse Collar
18:37 Castle Age
16:42 Gold Mining
17:43 Loom
18:34 Wheelbarrow
19:36 Bow Saw
19:34 Pikeman
22:56 Fletching
23:07 Padded Archer Armor
24:06 Heavy Plow
24:45 Leather Archer Armor
24:33 Bodkin Arrow
29:01 Gold Shaft Mining
29:59 Leather Archer Armor
32:17 Malon
34:10 Forging
38:16 Imperial Age
36:09 Hand Cart
36:51 Town Watch
39:20 Elite Bolas Rider
40:27 Ballistics
41:08 Chemistry
40:25 Butalmapu
40:41 Conscription
39:52 Elite Skirmisher
41:28 Ring Archer Armor
40:59 Scale Mail Armor
41:34 Iron Casting
43:28 Crop Rotation
44:12 Siege Engineers
46:35 Chain Mail Armor
47:21 Blast Furnace
47:03 Stone Shaft Mining
46:25 Halberdier
51:26 Champi Runner
52:41 Plate Mail Armor
52:35 Champi Warrior
53:52 Arson
53:33 Elite Champi Warrior
Blad_esfz
3:13 Loom
4:43 Loom
8:40 Loom
10:34 Feudal Age
11:09 Double-Bit Axe
17:51 Castle Age
18:58 Loom
22:06 Husbandry
23:19 Scale Barding Armor
26:43 Forging
28:58 Iron Casting
29:33 Chain Barding Armor
30:46 Bloodlines
31:33 Wheelbarrow
31:57 Light Cavalry
35:46 Hand Cart
40:31 Bow Saw
40:43 Horse Collar
44:47 Imperial Age
43:49 Gold Mining
43:49 Stone Mining
47:13 Plate Barding Armor
47:39 Blast Furnace
47:36 Heavy Camel Rider
53:23 Siege Elephant
Connection lost

Rejoining the realm…

Still unreachable

The connection could not be restored.

Session expired

The server has moved on; the page needs a fresh start.